 Dungeon Crawl Stone Soup version 0.31-a0-851-g7ff8af7976 (webtiles) character file.

Game seed: 15875545596854429879

107 pokeman the Magician (level 4, 0/25 HPs)
             Began as a Deep Elf Hedge Wizard on Oct 7, 2023.
             Killed from afar by Natasha (3 damage)
             ... with a magic dart
             ... on level 2 of the Dungeon.
             The game lasted 00:03:02 (2034 turns).

pokeman the Magician (Deep Elf Hedge Wizard)        Turns: 2034, Time: 00:03:03

Health: 0/25       AC:  3    Str:  7    XL:     4   Next: 57%
Magic:  0/13       EV: 12    Int: 21    God:
Gold:   130        SH:  0    Dex: 14    Spells: 6/14 levels left

rFire   . . .        f - +2 dagger (elec)
rCold   . . .        (no shield)
rNeg    . . .        b - +0 robe
rPois   .            c - +0 hat
rElec   .            (no cloak)
rCorr   .            q - +0 pair of gloves
SInv    .            (no boots)
Will    .....        g - amulet of regeneration
Stlth   ++           (no ring)
HPRegen 1.04/turn    (no ring)
MPRegen 0.13/turn

%: no passive effects
@: no status effects
A: no striking features
a: no special abilities


You were on level 2 of the Dungeon.
You visited 1 branch of the dungeon, and saw 2 of its levels.

You collected 130 gold pieces.

Inventory:

Hand Weapons
 f - a +2 dagger of electrocution (weapon)
 k - a +2 dagger of pain
 p - a +0 dagger of venom
Armour
 b - a +0 robe (worn)
 c - a +0 hat (worn)
 q - a +0 pair of gloves (worn)
Jewellery
 g - an amulet of regeneration (around neck)
 l - an amulet of guardian spirit
Scrolls
 a - a scroll of fear {unknown}
 e - a scroll of immolation {unknown}
 i - a scroll of identify {unknown}
 j - 3 scrolls of teleportation {unknown}
 n - 3 scrolls of noise {unknown}
 r - a scroll of fog {unknown}
Potions
 d - a potion of magic
 h - 2 potions of curing {unknown}
 m - 2 potions of heal wounds {unknown}
 o - a potion of haste {unknown}


   Skills:
 - Level 1.0 Fighting
 - Level 1.0 Armour
 + Level 2.8 Dodging
 + Level 2.9 Stealth
 * Level 5.8 Spellcasting
 + Level 2.2 Conjurations
 - Level 1.1 Summonings
 - Level 1.1 Translocations


You had 6 spell levels left.
You knew the following spells:

 Your Spells              Type           Power      Damage    Failure   Level
a - Magic Dart            Conj           60%        1d6       4%          1
b - Mephitic Cloud        Conj/Pois/Air  9%         N/A       22%         3
c - Call Imp              Summ           20%        N/A       10%         2
d - Blink                 Tloc           20%        N/A       10%         2

Your spell library contained the following spells:

 Spells                   Type           Power      Damage    Failure   Level
 Slow                     Hex            24%        N/A       10%         1
 Cigotuvi's Dreadful Rot  Necr/Pois/Air  12%        N/A       16%         2


Dungeon Overview and Level Annotations

Branches:
Dungeon (2/15)

Altars:
Sif Muna

Annotations:
D:2 Natasha


Message History

Casting: Magic Dart (safe; 4% risk of failure)
Confirm with . or Enter, or press ? or * to list all spells.
You don't have enough magic to cast this spell.
Unknown command.
Casting: Magic Dart (safe; 4% risk of failure)
Confirm with . or Enter, or press ? or * to list all spells.
You don't have enough magic to cast this spell.
Unknown command.
You barely miss Natasha.
Natasha is severely wounded.
The cerulean imp hits you from afar with a +1 spear.
Natasha claws you.
You completely miss Natasha.
Natasha is severely wounded.
The cerulean imp hits you from afar with a +1 spear.
* * * LOW HITPOINT WARNING * * *
Natasha casts a spell at you. The magic dart hits you.
* * * LOW HITPOINT WARNING * * *
You closely miss Natasha.
Natasha is severely wounded.
The cerulean imp closely misses you. Natasha claws you.
* * * LOW HITPOINT WARNING * * *
Unknown command.
Casting: Magic Dart (safe; 4% risk of failure)
Confirm with . or Enter, or press ? or * to list all spells.
Aiming: Magic Dart (safe; 4% risk of failure)
Press: ? - help, Shift-Dir - straight line, f/p - Natasha
Aim: Natasha (severely wounded, 100% to hit)
The magic dart hits Natasha.
Natasha is almost dead.
The cerulean imp hits you but does no damage.
Natasha casts a spell.
You barely miss Natasha.
Natasha is almost dead.
The cerulean imp barely misses you.
Natasha stares at you and mumbles some strange words.
The magic dart hits you.
You die...
Natasha begins licking her fur clean.

#.......#.#.#..##
###.#####.#.#)#..## #.
#.#...#...#
#.#######.#########
#####.#<#..............
.....................).
..####.#...##.......#...
.....#5############.#.##
....†5h@.......# #.#'##
...$?#.......#.# #.....
... ###..##.#.# ##.... .
#.......#.# #....
#.#####.#.#####.... #.#
#......##.... #.###
#.#)...####.. #...#
#.###.[# #.. ###.#
#......## #..


You could see Natasha and 2 cerulean imps.

Vanquished Creatures
  Natasha (twice) (D:2)
  2 worms (D:2)
  A dart slug (D:1)
  A ball python (D:1)
  5 endoplasms (D:1)
  4 giant cockroaches
  6 goblins
  3 hobgoblins (D:1)
  5 kobolds
  4 quokkas (D:1)
  6 bats
  3 frilled lizards
  5 rats
47 creatures vanquished.

Notes
Turn   | Place    | Note
-------+----------+-------------------------------------------
     0 | D:1      | pokeman the Deep Elf Hedge Wizard began the quest for the
                  | Orb.
     0 | D:1      | Reached XP level 1. HP: 10/10 MP: 7/7
   196 | D:1      | Reached XP level 2. HP: 16/16 MP: 1/9
   294 | D:1      | Found a faded altar of an unknown god.
   549 | D:1      | Reached skill level 5 in Spellcasting
   801 | D:1      | Reached XP level 3. HP: 20/20 MP: 8/11
   829 | D:1      | Learned a level 3 spell: Mephitic Cloud
   832 | D:1      | Learned a level 2 spell: Call Imp
   835 | D:1      | Learned a level 2 spell: Blink
  1550 | D:2      | Reached skill level 1 in Fighting
  1550 | D:2      | Reached skill level 1 in Armour
  1644 | D:2      | Noticed Natasha
  1649 | D:2      | Killed Natasha
  1650 | D:2      | Reached XP level 4. HP: 25/25 MP: 5/13
  1753 | D:2      | Found a shimmering blue altar of Sif Muna.
  1943 | D:2      | Noticed Natasha
  1949 | D:2      | Killed Natasha
  2022 | D:2      | Noticed Natasha
  2032 | D:2      | HP: 1/25 [Natasha (2)]
  2034 | D:2      | Killed from afar by Natasha

Illustrated notes

Levels and vault maps discovered:
D:1:      dpeg_arrival_rhombus, layout_rooms,
          ebering_ecumenical_altar_abandoned, serial_park_tiny_1
D:2:      layout_basic, basic_altar, minmay_bisected, uniq_robin, uniq_natasha

Skill      XL: |  1  2  3 |
---------------+----------+-----
Spellcasting   | 5 |  5.8
Fighting       | 1 |  1.0
Armour         | 1 |  1.0
Conjurations   | 2 |  2.2
Dodging        | |  2.8
Stealth        | |  2.9
Summonings     | |  1.1
Translocations | |  1.1

Action                     |  1- 3 |  4- 6 || total
---------------------------+-------+-------++-------
  Melee: Dagger            |    21 |     4 ||    25
   Cast: Magic Dart        |   113 |    28 ||   141
         Mephitic Cloud    |     1 |       ||     1
 Armour: Robe              |    26 |    11 ||    37
  Dodge: Dodged            |    30 |     3 ||    33

Table legend: (Time is in decaauts)
 A = Elapsed time spent in this place.
 B = Non-inter-level travel time spent in this place.
 C = Inter-level travel time spent in this place.
 D = Time resting spent in this place.
 E = Time spent auto-exploring this place.
 F = Levels seen in this place.
 G = Mean time per level.
                   A        B        C        D        E       F      G
               +--------+--------+--------+--------+--------+-----+--------+
         Total |   2033 |   2005 |     28 |      0 |   1727 |   2 | 1016.5 |
       Dungeon |   2033 |   2005 |     28 |      0 |   1727 |   2 | 1016.5 |
               +--------+--------+--------+--------+--------+-----+--------+

Top non-repeatable levels by time:
     D:1: 1253 daAuts
     D:2: 779 daAuts
